 Dungeon Crawl Stone Soup version 0.29.0-4-gdea44cf6ec (webtiles) character file.

Game seed: 16736136474394821798

373 qw the Chopper (level 6, -13/35 HPs)
             Began as a Tengu Warper on Aug 28, 2022.
             Was an Initiate of Okawaru.
             Mangled by an ogre
             ... wielding a +0 giant club
              (17 damage)
             ... on level 4 of the Dungeon.
             The game lasted 00:00:25 (4361 turns).

qw the Chopper (Tengu Warper)                       Turns: 4361, Time: 00:00:25

Health: -13/35     AC:  9    Str: 13    XL:     6   Next: 72%
Magic:  10/10      EV:  7    Int: 17    God:    Okawaru [......]
Gold:   123        SH:  0    Dex: 14    Spells: 9/9 levels left

rFire   + . .      SeeInvis .   Y - +0 hand axe
rCold   + . .      Faith    .   (no shield)
rNeg    + + .      Spirit   .   h - +1 chain mail {rF+}
rPois   .          Reflect  .   (helmet restricted)
rElec   .          Harm     .   (no cloak)
rCorr   +          Rampage  .   (no gloves)
Will    .....                   (boots unavailable)
Stlth   ..........              a - amulet "Xeuc" {Acrobat rC+ rN++ Int+4}
HPRegen 0.11/turn               b - ring of resist corrosion
MPRegen 0.12/turn               (no ring)

@: flying quickly and evasively, quick
A: beak, talons 3, nimble flight
a: Renounce Religion


You were on level 4 of the Dungeon.
You worshipped Okawaru.
Okawaru was noncommittal.
You visited 1 branch of the dungeon, and saw 4 of its levels.

You collected 123 gold pieces.


Innate Abilities, Weirdness & Mutations

You have a beak for a mouth.
You have claws for feet.
Your magical nature lets you fly swiftly and evasively.


   Skills:
 + Level 2.2 Fighting
 - Level 7.1 Axes
 - Level 1.0 Throwing
 - Level 2.3 Armour
 - Level 2.1 Dodging
 - Level 2.0 Spellcasting
 - Level 2.4 Translocations


You had 9 spell levels left.
You didn't know any spells.
Your spell library contained the following spells:

 Spells                   Type           Power      Damage    Failure   Level
 Blink                    Tloc           18%        N/A       98%         2
 Gell's Gravitas          Tloc           9%         N/A       100%        3
 Lesser Beckoning         Tloc           9%         N/A       100%        3
 Teleport Other           Tloc           9%         N/A       100%        3
 Manifold Assault         Tloc           9%         N/A       100%        5

Inventory:

Hand Weapons
 j - a +0 whip
 Y - a +0 hand axe (weapon)
Armour
 g - a +2 scale mail of poison resistance
 h - a +1 chain mail of fire resistance (worn)
Jewellery
 a - the amulet "Xeuc" (around neck) {Acrobat rC+ rN++ Int+4}
   (You acquired it on level 1 of the Dungeon)

   [amulet of the acrobat]

   It increases your evasion while moving and waiting.
   Int:       It affects your intelligence (+4).
   rC:        It protects you from cold.
   rN:        It greatly protects you from negative energy.
 b - a ring of resist corrosion (left hand)
Scrolls
 c - a scroll of teleportation {unknown}
Potions
 i - a potion of curing {unknown}
 k - a potion of heal wounds {unknown}
 l - a potion of degeneration {unknown}

Dungeon Overview and Level Annotations

Branches:
Dungeon (4/15)
 Temple: D:4-7

Altars:
Okawaru


Message History

You start resting.
HP restored.
You see here a +0 dagger.
You now have 123 gold pieces (gained 3).
Found a scroll of poison.
Found an ivory wand.
c - a scroll labelled SIUMNUONK You see here a wand of mindburst (14).
An ufetubus comes into view.
The ufetubus shouts!
An ogre comes into view. It is wielding a +0 giant club.
4350 ||| Stepping ~*~*~tactically~*~*~ (stealth).
The ufetubus completely misses you. The ufetubus misses you.
You hit the ufetubus but do no damage. You peck the ufetubus.
The ufetubus is lightly wounded.
The ufetubus hits you. The ufetubus barely misses you.
You barely miss the ufetubus.
The ufetubus is lightly wounded.
The ufetubus hits you but does no damage. x2
The ogre shouts!
You hit the ufetubus. You claw the ufetubus.
You kill the ufetubus!
Okawaru accepts your kill.
You hit the ogre but do no damage. The ogre closely misses you.
You hit the ogre but do no damage. You claw the ogre.
The ogre is lightly wounded.
You hit the ogre but do no damage. You claw the ogre, but do no damage.
The ogre is lightly wounded.
The ogre barely misses you.
You hit the ogre. Your kick misses the ogre.
The ogre is moderately wounded.
The ogre hits you with a +0 giant club!!
Ouch! That really hurt!
You hit the ogre. Your kick misses the ogre.
The ogre is moderately wounded.
You hit the ogre. You claw the ogre. Your peck misses the ogre.
The ogre is severely wounded.
The ogre hits you with a +0 giant club!
You die...

. ..# #.#.# # .#.# O# ..#
.# #.# ..# #.## ##..#
#..#####...#
####./...@O...#
#.####...###.......#
#........# ######..#
#####...# #..# ##.## #..#
##..# ####..#########
#.#.######....)))......#
#.#.........##.)........#
##...##########.######..#


You could see an ogre.

Vanquished Creatures
  Sigmund (D:3)
  Jessica (D:2)
  Natasha (twice) (D:3)
  Robin (D:2)
  3 adders (D:2)
  An ufetubus (D:4)
  4 dart slugs
  5 orcs (D:4)
  4 bats
  8 endoplasms
  3 giant cockroaches
  18 goblins
  9 hobgoblins
  3 quokkas
  6 ball pythons
  2 frilled lizards
  8 kobolds
  3 rats
82 creatures vanquished.

Vanquished Creatures (others)
  A fungus (D:2)
  3 plants (D:2)
4 creatures vanquished.

Grand Total: 86 creatures vanquished

Notes
Turn   | Place    | Note
-------+----------+-------------------------------------------
     0 | D:1      | qw the Tengu Warper began the quest for the Orb.
     0 | D:1      | Reached XP level 1. HP: 12/12 MP: 4/4
     0 | D:1      | 0 ||| qw: Version: 0.1-a-89-g26bdef1
     0 | D:1      | 0 ||| qw: Game counter: 3168
     0 | D:1      | 0 ||| qw: Always use a shield: true
     0 | D:1      | 0 ||| qw: God list: Okawaru
     0 | D:1      | 0 ||| qw: Allow faded altars: false
     0 | D:1      | 0 ||| qw: Do Orc after D:15 true
     0 | D:1      | 0 ||| qw: Do second Lair branch before Depths: true
     0 | D:1      | 0 ||| qw: Lair rune preference: random
     0 | D:1      | 0 ||| qw: Plans: Normal
     0 | D:1      | 0 ||| PLANNING D:1-11
     2 | D:1      | Noticed a naga
     2 | D:1      | Noticed a minotaur
     4 | D:1      | Noticed a troll
     4 | D:1      | Noticed a ghoul
     6 | D:1      | Noticed an octopode
     6 | D:1      | Noticed a demonspawn
     8 | D:1      | Noticed a meteoran
    10 | D:1      | Noticed a vampire
    12 | D:1      | Noticed an elf
    12 | D:1      | Noticed a demigod
    14 | D:1      | Noticed a spriggan
    16 | D:1      | Noticed a palentonga
    16 | D:1      | Noticed a vine stalker
    18 | D:1      | Noticed a merfolk
    18 | D:1      | Noticed a felid
    20 | D:1      | Noticed a draconian
    20 | D:1      | Noticed a human
    22 | D:1      | Noticed a tengu
    22 | D:1      | Noticed a gargoyle
    24 | D:1      | Noticed a troll
    24 | D:1      | Noticed a formicid
    26 | D:1      | Noticed an ogre
    26 | D:1      | Noticed a formicid
   101 | D:1      | Reached XP level 2. HP: 17/17 MP: 6/6
   108 | D:1      | 108 ||| Stepping ~*~*~tactically~*~*~ (hiding).
   116 | D:1      | Reached skill level 3 in Axes
   263 | D:1      | 263 ||| Stepping ~*~*~tactically~*~*~ (stealth).
   266 | D:1      | 266 ||| Stepping ~*~*~tactically~*~*~ (stealth).
   267 | D:1      | 267 ||| Stepping ~*~*~tactically~*~*~ (stealth).
   604 | D:1      | Reached XP level 3. HP: 19/21 MP: 7/7
   850 | D:1      | Reached skill level 4 in Axes
   864 | D:1      | 864 ||| DROPPING +0 club.
  1100 | D:1      | 1100 ||| UPGRADING to +0 chain mail.
  1110 | D:1      | 1110 ||| DROPPING +0 leather armour.
  1111 | D:1      | 1111 ||| READING scroll labelled REDOPS TISSAE.
  1112 | D:1      | 1112 ||| READING scroll labelled YVVONY RUEME.
  1113 | D:1      | 1113 ||| READING scroll labelled ZOUMME ZOINAITS.
  1113 | D:1      | Identified a scroll of acquirement
  1113 | D:1      | 1113 ||| ACQUIRING amulet "Xeuc" {Acrobat rC+ rN++ Int+4}
  1113 | D:1      | Acquired the amulet "Xeuc" {Acrobat rC+ rN++ Int+4}
  1115 | D:1      | 1115 ||| UPGRADING to amulet "Xeuc" {Acrobat rC+ rN++
                  | Int+4}.
  1120 | D:1      | 1120 ||| DROPPING scroll of blinking.
  1121 | D:1      | 1121 ||| Stepping randomly (stuck).
  1122 | D:1      | 1122 ||| Stepping ~*~*~tactically~*~*~ (cloud).
  1126 | D:1      | HP: 5/21 [poisoned by you (poison gas)]
  1130 | D:1      | HP: 2/21 [poisoned by you (poison gas)]
  1465 | D:2      | Noticed Jessica
  1466 | D:2      | 1466 ||| Stepping ~*~*~tactically~*~*~ (stealth).
  1468 | D:2      | 1468 ||| Stepping ~*~*~tactically~*~*~ (hiding).
  1475 | D:2      | Killed Jessica
  1476 | D:2      | Reached XP level 4. HP: 17/26 MP: 8/8
  1509 | D:2      | 1509 ||| FLEEEEING.
  1597 | D:2      | 1597 ||| Stepping ~*~*~tactically~*~*~ (stealth).
  1620 | D:2      | 1620 ||| Stepping ~*~*~tactically~*~*~ (stealth).
  1678 | D:2      | Noticed Robin
  1679 | D:2      | 1679 ||| Stepping ~*~*~tactically~*~*~ (hiding).
  1692 | D:2      | Killed Robin
  1693 | D:2      | Reached skill level 5 in Axes
  1701 | D:2      | 1701 ||| FLEEEEING.
  1702 | D:2      | 1702 ||| FLEEEEING.
  1703 | D:2      | 1703 ||| FLEEEEING.
  1704 | D:2      | 1704 ||| FLEEEEING.
  1705 | D:2      | 1705 ||| FLEEEEING.
  1706 | D:2      | 1706 ||| FLEEEEING.
  1709 | D:2      | 1709 ||| FLEEEEING.
  1710 | D:2      | 1710 ||| FLEEEEING.
  1711 | D:2      | 1711 ||| FLEEEEING.
  1712 | D:2      | 1712 ||| FLEEEEING.
  1713 | D:2      | 1713 ||| FLEEEEING.
  1714 | D:2      | 1714 ||| FLEEEEING.
  1715 | D:2      | 1715 ||| FLEEEEING.
  1716 | D:2      | 1716 ||| FLEEEEING.
  1717 | D:2      | 1717 ||| FLEEEEING.
  1718 | D:2      | 1718 ||| FLEEEEING.
  1719 | D:2      | 1719 ||| FLEEEEING.
  1720 | D:2      | 1720 ||| FLEEEEING.
  1721 | D:2      | 1721 ||| FLEEEEING.
  1722 | D:2      | 1722 ||| FLEEEEING.
  1724 | D:2      | 1724 ||| FLEEEEING.
  1725 | D:2      | 1725 ||| FLEEEEING.
  1726 | D:2      | 1726 ||| FLEEEEING.
  1727 | D:2      | 1727 ||| FLEEEEING.
  1729 | D:2      | 1729 ||| FLEEEEING.
  1730 | D:2      | 1730 ||| FLEEEEING.
  1731 | D:2      | 1731 ||| FLEEEEING.
  1732 | D:2      | 1732 ||| FLEEEEING.
  1733 | D:2      | 1733 ||| FLEEEEING.
  1734 | D:2      | 1734 ||| FLEEEEING.
  1735 | D:2      | 1735 ||| STAIRDANCE
  1790 | D:1      | 1790 ||| UPGRADING to ring of resist corrosion.
  1791 | D:1      | 1791 ||| READING scroll labelled BOLORGH YLEU.
  1794 | D:2      | 1794 ||| STAIRDANCE
  1799 | D:2      | 1799 ||| STAIRDANCE
  1841 | D:2      | 1841 ||| STAIRDANCE
  2014 | D:2      | 2014 ||| FLEEEEING.
  2059 | D:2      | Found a faded altar of an unknown god.
  2085 | D:2      | 2085 ||| Stepping ~*~*~tactically~*~*~ (stealth).
  2090 | D:2      | 2090 ||| Stepping ~*~*~tactically~*~*~ (stealth).
  2109 | D:2      | Gained mutation: Your magical nature lets you fly swiftly
                  | and evasively. [Tengu growth]
  2109 | D:2      | Reached XP level 5. HP: 28/30 MP: 9/9
  2155 | D:2      | 2155 ||| Stepping ~*~*~tactically~*~*~ (hiding).
  2247 | D:2      | 2247 ||| Stepping ~*~*~tactically~*~*~ (stealth).
  2780 | D:3      | Noticed Sigmund
  2781 | D:3      | 2781 ||| Stepping ~*~*~tactically~*~*~ (hiding).
  2807 | D:3      | HP: 3/30 [Sigmund/+0 scythe (10)]
  2808 | D:3      | Killed Sigmund
  2809 | D:3      | Reached skill level 7 in Axes
  2809 | D:3      | Reached XP level 6. HP: 3/35 MP: 10/10
  3097 | D:3      | Noticed Natasha
  3103 | D:3      | Killed Natasha
  3489 | D:3      | 3489 ||| Stepping ~*~*~tactically~*~*~ (stealth).
  3639 | D:3      | Noticed Natasha
  3640 | D:3      | 3640 ||| Stepping ~*~*~tactically~*~*~ (hiding).
  3648 | D:3      | Killed Natasha
  3826 | D:3      | Found an iron altar of Okawaru.
  3886 | D:3      | Became a worshipper of Warmaster Okawaru
  4025 | D:3      | 4025 ||| UPGRADING to +2 scale mail of poison resistance.
  4035 | D:3      | 4035 ||| DROPPING +0 chain mail.
  4036 | D:3      | 4036 ||| UPGRADING to +1 chain mail of fire resistance.
  4046 | D:3      | 4046 ||| READING scroll labelled OGILOM FUPRE.
  4160 | D:3      | 4160 ||| READING 2 scrolls labelled DYONAIMUOPP.
  4161 | D:3      | 4161 ||| READING scroll labelled LYOLUI HUPIEXT.
  4162 | D:3      | 4162 ||| DROPPING scroll of fear.
  4197 | D:4      | 4197 ||| Stepping ~*~*~tactically~*~*~ (stealth).
  4350 | D:4      | 4350 ||| Stepping ~*~*~tactically~*~*~ (stealth).
  4359 | D:4      | HP: 4/35 [ogre/+0 giant club (31)]
  4361 | D:4      | Mangled by an ogre

Levels and vault maps discovered:
D:1:      kb_arrival_jail, layout_loops_ring
D:2:      layout_basic, dreamdust_ecumenical_altar_grove,
          uniq_crazy_yiuf_cottage, uniq_jessica, uniq_robin
D:3:      layout_basic, kennysheep_okawaru_gauntlet, uniq_natasha, uniq_sigmund
D:4:      layout_loops_ring, lemuel_coloured_pillars_altar,
          kennysheep_nondescript, minmay_fire_ice_demons

Skill      XL: |  1  2  3  4  5  6 |
---------------+-------------------+-----
Axes           | 3 4 5 7 |  7.1
Armour         | 2 |  2.3
Fighting       | |  2.2
Throwing       | |  1.0
Dodging        | |  2.1
Spellcasting   | |  2.0
Translocations | |  2.4

Action                   |  1- 3 |  4- 6 || total
-------------------------+-------+-------++-------
Melee: Hand axe          |    57 |   142 ||   199
       Peck              |     5 |    13 ||    18
       Kick              |    15 |    43 ||    58
       Punch             |       |     3 ||     3
Throw: Boomerang         |     7 |       ||     7
  Use: Scroll            |     3 |     4 ||     7
Armor: Leather armour    |    11 |       ||    11
       Chain mail        |     1 |    49 ||    50
Dodge: Dodged            |    22 |    52 ||    74

Table legend:
 A = Non-vault XP
 B = Vault XP
 C = Vault XP percentage of total XP
 D = Non-vault monster count
 E = Vault monster count
 F = Vault count percentage of total count
                 A         B        C        D         E       F
            +---------+---------+-------+---------+---------+-------
      Total |     199 |     335 |  62.7 |      66 |      16 |  19.5
            +---------+---------+-------+---------+---------+-------
        D:1 |      54 |       0 |   0.0 |      29 |       0 |   0.0
        D:2 |      69 |      72 |  51.1 |      19 |      12 |  38.7
        D:3 |      53 |     263 |  83.2 |      12 |       4 |  25.0
        D:4 |      23 |       0 |   0.0 |       6 |       0 |   0.0
            +---------+---------+-------+---------+---------+-------
